 Dungeon Crawl Stone Soup version 0.24.0-13-gcf9b319 (webtiles) character file.

Game seed: 14011211642464457269, levelgen mode: deterministic

1867 Bronimir the Firebug (level 8, 0/42 HPs)
             Began as a Deep Elf Fire Elementalist on Mar 21, 2020.
             Shot with a sling bullet by Joseph (19 damage)
             ... on level 7 of the Dungeon.
             The game lasted 00:24:44 (9027 turns).

Bronimir the Firebug (Deep Elf Fire Elementalist)   Turns: 9027, Time: 00:24:45

Health: 0/42       AC:  7    Str:  5    XL:     8   Next: 90%
Magic:  16/20      EV: 18    Int: 23    God:
Gold:   313        SH:  4    Dex: 15    Spells: 7/20 levels left

rFire    . . .     SeeInvis .   a - staff of energy
rCold    . . .     Gourm    .   y - +0 buckler
rNeg     + . .     Faith    .   E - +1 robe {rN+}
rPois    +         Spirit   .   (no helmet)
rElec    .         Reflect  .   D - +2 cloak {rPois}
rCorr    .         Harm     .   d - +0 pair of gloves
MR       .....                  (no boots)
Stlth    ++........             (no amulet)
HPRegen  0.14/turn              H - +4 ring of evasion
MPRegen  0.17/turn              (no ring)

@: no status effects
A: no striking features
a: no special abilities


You were on level 7 of the Dungeon.
You were very hungry.

You visited 1 branch of the dungeon, and saw 7 of its levels.

You collected 313 gold pieces.

Inventory:

Hand Weapons
 b - a +2 dagger of venom
 h - a cursed +0 dagger
 i - a +0 whip of flaming
 u - a +0 dagger
 B - a +0 spear
 C - a +4 quarterstaff of chaos
Missiles
 j - 63 arrows
 l - 20 bolts
 s - 143 stones
 x - 20 poisoned darts (quivered)
Armour
 d - a +0 pair of gloves (worn)
 y - a +0 buckler (worn)
 D - a +2 cloak of poison resistance (worn)
 E - a +1 robe of positive energy (worn)
 K - a +2 ring mail of cold resistance
Magical Staves
 a - an uncursed staff of energy (weapon)
Jewellery
 H - a +4 ring of evasion (left hand)
Wands
 e - a wand of flame (25)
Scrolls
 f - 2 scrolls of remove curse
 g - 4 scrolls of teleportation
 n - 9 scrolls of identify
 p - a scroll of immolation {unknown}
 t - 3 scrolls of fear {unknown}
 z - a scroll of magic mapping {unknown}
 G - 5 scrolls of amnesia
 L - a scroll of blinking {unknown}
Potions
 k - a potion of might {unknown}
 m - 2 potions of flight {unknown}
 o - a potion of magic {unknown}
 q - 2 potions of berserk rage {unknown}
 r - a potion of haste {unknown}
 v - a potion of mutation {unknown}
 w - 5 potions of heal wounds {unknown}
 A - a potion of brilliance
 F - 2 potions of curing {unknown}
 I - 2 potions of degeneration {unknown}
 J - a potion of resistance {unknown}
 M - a potion of ambrosia {unknown}
Comestibles
 c - 9 rations


   Skills:
 + Level 0.4 Fighting
 + Level 0.3 Short Blades
 + Level 0.1 Maces & Flails
 + Level 4.3 Dodging
 - Level 2.4 Stealth
 + Level 1.4 Shields
 + Level 6.6 Spellcasting
 * Level 7.3 Conjurations
 * Level 7.4 Fire Magic
 * Level 3.9 Evocations


You had 7 spell levels left.
You knew the following spells:

 Your Spells              Type           Power        Failure   Level  Hunger
a - Flame Tongue          Conj/Fire      #####        1%          1    None
b - Throw Flame           Conj/Fire      #####.       1%          2    None
c - Conjure Flame         Conj/Fire      #####...     1%          3    None
d - Inner Flame           Hex/Fire       ###.....     7%          3    None
e - Sticky Flame          Conj/Fire      #####...     5%          4    None

Your spell library contained the following spells:

 Spells                   Type           Power        Failure   Level  Hunger
 Fireball                 Conj/Fire      #####.....   14%         5    None


Dungeon Overview and Level Annotations

Branches:
Dungeon (7/15)
 Temple: D:4-7

Altars:
Gozag

Shops:
D:4 *   D:5 *   D:6 [

Annotations:
D:7 Joseph


Message History

It stops flaming.
Joseph wields a +0 quarterstaff.
Joseph hits you with a +0 quarterstaff. Joseph barely misses you.
Joseph zaps a wand.
You easily resist.
Joseph hits you with a +0 quarterstaff!
You can move again.
Casting: Throw Flame (safe; 1% risk of failure)
Confirm with . or Enter, or press ? or * to list all spells.
Aiming: Sticky Flame (safe; 5% risk of failure)
Press: ? - help, Shift-Dir - straight line, f - Joseph
Aim: Joseph, wielding a +0 quarterstaff, wearing a +0 leather armour and carrying a wand of paralysis (3)
The sticky flame hits Joseph!
Joseph is lightly wounded.
Joseph is covered in liquid flames!
Joseph burns!
Joseph hits you with a +0 quarterstaff!
Joseph burns!
Joseph burns!
Joseph unwields a +0 quarterstaff.
Joseph wields a +2 hunting sling of flaming.
It bursts into flame!
Joseph shoots a sling bullet.
The sling bullet hits you!!
You die...

..... .. ....##
#.#.#....
#...#(..#
#..#...#
#.##..#...###.##
.."............
#.>.@# #...##
#.###..@#######
#......?))....?
#.###.(........
#...#######
...... .......
####...##


You could see Joseph (burning).

Vanquished Creatures
  Pikel (D:5)
  Edmund (D:6)
  Duvessa (D:6)
  An ice beast (D:5)
  An ogre (D:6)
  Blork the orc (D:4)
  A scorpion (D:4)
  Dowan (D:6)
  2 crimson imps
  A howler monkey (D:7)
  A hound (D:4)
  Crazy Yiuf (D:3)
  4 orc wizards
  A bullfrog skeleton (D:5)
  5 orc priests
  An iguana (D:4)
  4 worker ants
  2 worker ant zombies
  7 gnolls
  A howler monkey skeleton (D:6)
  7 adders
  A shadow imp (D:6)
  2 oozes
  An adder skeleton (D:5)
  5 worms
  2 dart slugs
  A leopard gecko (D:1)
  20 orcs
  3 ball pythons
  8 bats
  6 giant cockroaches
  6 goblins
  3 hobgoblins
  13 jackals
  6 kobolds
  A quokka (D:2)
  3 frilled lizards
  2 rats (D:2)
128 creatures vanquished.

Notes
Turn   | Place    | Note
-------+----------+-------------------------------------------
     0 | D:1      | Bronimir the Deep Elf Fire Elementalist began the quest for
                  | the Orb.
     0 | D:1      | Reached XP level 1. HP: 10/10 MP: 6/6
   308 | D:1      | Reached XP level 2. HP: 8/15 MP: 1/8
   475 | D:1      | Learned a level 2 spell: Throw Flame
  1062 | D:1      | Reached XP level 3. HP: 19/19 MP: 5/9
  1604 | D:2      | Learned a level 3 spell: Conjure Flame
  2001 | D:2      | Found an opulent altar of Gozag.
  2170 | D:2      | Reached XP level 4. HP: 24/24 MP: 3/11
  2552 | D:2      | Learned a level 3 spell: Inner Flame
  3619 | D:3      | Reached XP level 5. HP: 15/28 MP: 4/12
  4373 | D:3      | Found a runed translucent door.
  4374 | D:3      | Noticed Crazy Yiuf
  4387 | D:3      | Killed Crazy Yiuf
  4387 | D:3      | Reached skill level 1 in Evocations
  4906 | D:4      | Reached XP level 6. HP: 32/32 MP: 1/14
  5293 | D:4      | Found Ucocw's General Store.
  5444 | D:4      | Noticed Blork the orc
  5830 | D:4      | Killed Blork the orc
  5830 | D:4      | Reached skill level 5 in Conjurations
  6123 | D:5      | Entered Level 5 of the Dungeon
  6189 | D:5      | Reached skill level 5 in Fire Magic
  6248 | D:5      | Learned a level 4 spell: Sticky Flame
  6287 | D:5      | Reached XP level 7. HP: 35/36 MP: 4/16
  6449 | D:5      | Found Ischint's Assorted Antiques.
  6487 | D:5      | Reached skill level 5 in Spellcasting
  6861 | D:5      | Noticed Pikel
  6874 | D:5      | Killed Pikel
  6874 | D:5      | Reached XP level 8. HP: 41/41 MP: 8/18
  6950 | D:6      | Noticed Duvessa
  6951 | D:6      | Noticed Dowan
  6959 | D:6      | Killed Dowan
  6967 | D:6      | Killed Duvessa
  6968 | D:6      | Reached skill level 1 in Shields
  7382 | D:6      | Found Lelloforr's Armour Shoppe.
  7604 | D:6      | Noticed Edmund
  7618 | D:6      | Killed Edmund
  8819 | D:7      | Noticed Joseph
  9020 | D:7      | Paralysed by Joseph for 5 turns
  9027 | D:7      | Shot with a sling bullet by Joseph

Levels and vault maps discovered:
D:1:      lemuel_arrival_room, layout_basic, st_stairs_4
D:2:      layout_basic, lemuel_doored_altar, first_ration, minmay_misc_feat_iff
D:3:      layout_basic, cheibrodos_sewer_entry_bend, uniq_crazy_yiuf_cottage
D:4:      layout_cave_pools, serial_shops, nicolae_shop_waterfront,
          grunt_ministairs_5, uniq_blork_the_orc
D:5:      layout_rooms, serial_shops,
          nicolae_shop_temple_entry_statues_fountains, uniq_pikel
D:6:      layout_layer_cave, serial_shops, shop, uniq_edmund, uniq_duvessa
D:7:      layout_basic, minmay_temple_entry_arrows, uniq_joseph

Skill      XL: |  1  2  3  4  5  6  7  8 |
---------------+-------------------------+-----
Conjurations   | 2 3 4 5 6 7 |  7.3
Dodging        | 3 4 |  4.3
Fire Magic     | 4 5 6 7 |  7.4
Evocations     | 1 2 3 |  3.9
Spellcasting   | 4 5 6 |  6.6
Shields        | 1 |  1.4
Fighting       | |  0.4
Short Blades   | |  0.3
Maces & Flails | |  0.1
Stealth        | |  2.4

Action                   |  1- 3 |  4- 6 |  7- 9 || total
-------------------------+-------+-------+-------++-------
Melee: Mace              |    11 |       |       ||    11
       Dagger            |     1 |       |    54 ||    55
 Cast: Flame Tongue      |    27 |    97 |    54 ||   178
       Throw Flame       |    40 |    51 |    44 ||   135
       Conjure Flame     |       |     1 |       ||     1
       Sticky Flame      |       |       |    11 ||    11
Evoke: Staff of energy   |       |     8 |     6 ||    14
  Use: Scroll            |       |     5 |     1 ||     6
       Potion            |       |     2 |       ||     2
  Eat: Chunk             |     5 |     7 |     7 ||    19
       Ration            |       |     2 |       ||     2
Armor: Robe              |     9 |    12 |    14 ||    35
Dodge: Dodged            |    20 |    47 |    53 ||   120
Block: Buckler           |       |    13 |    18 ||    31
